 Dungeon Crawl Stone Soup version 0.22.1-5-g62c59d9 (webtiles) character file.

143 Yuikono the Shield-Bearer (level 5, 0/33 HPs)
             Began as a Gargoyle Fighter on Jan 10, 2019.
             Slain by a goblin (2 damage)
             ... led by Robin
             ... on level 3 of the Dungeon.
             The game lasted 00:08:42 (2265 turns).

Yuikono the Shield-Bearer (Gargoyle Fighter)        Turns: 2265, Time: 00:08:43

Health: 0/33       AC: 11    Str: 20    XL:     5   Next: 25%
Magic:  5/5        EV:  7    Int:  9    God:
Gold:   46         SH:  9    Dex:  9    Spells: 4/4 levels left

rFire    . . .     SeeInvis .   a - +0 flail
rCold    . . .     Gourm    .   c - +0 shield
rNeg     + . .     Faith    .   b - +0 scale mail
rPois    ∞         Spirit   .   (no helmet)
rElec    +         Reflect  .   (no cloak)
rCorr    .         Harm     .   (no gloves)
MR       .....                  (no boots)
Stlth    ..........             (no amulet)
HPRegen  0.11/turn              (no ring)
MPRegen  0.09/turn              (no ring)

@: no status effects
A: negative energy resistance 1, electricity resistance, unbreathing,
petrification resistance, rot immunity, AC +4
a: no special abilities


You were on level 3 of the Dungeon.
You were not hungry.

You visited 1 branch of the dungeon, and saw 3 of its levels.

You collected 46 gold pieces.

Inventory:

Hand Weapons
 a - a +0 flail (weapon)
Missiles
 g - 58 stones (quivered)
 h - 4 tomahawks
 j - 38 poisoned needles
Armour
 b - a +0 scale mail (worn)
 c - a +0 shield (worn)
Wands
 o - a wand of flame (31)
Scrolls
 e - 3 scrolls of amnesia {unknown}
 i - a scroll of magic mapping {unknown}
 n - a scroll of teleportation {unknown}
 p - a scroll of fear {unknown}
Potions
 d - a potion of might
 k - a potion of curing
 l - 2 potions of haste {unknown}
 m - a potion of mutation {unknown}
 q - a potion of agility {unknown}
Comestibles
 f - 4 rations


   Skills:
 + Level 4.2 Fighting
 + Level 3.1 Maces & Flails
 + Level 4.2 Armour
 + Level 4.2 Shields


You had 4 spell levels left.
You didn't know any spells.
Your spell library was empty.

Dungeon Overview and Level Annotations

Branches:
Dungeon (3/15)

Altars:
Qazlal

Annotations:
D:3 Robin


Innate Abilities, Weirdness & Mutations

You are resistant to torment.
Your stone body is resilient. (AC +4)
You are immune to poison.
You resist negative energy. (rN+)
You are resistant to electric shocks. (rElec)
You can survive without breathing.
You are immune to petrification.
You are immune to rotting.


Message History

The goblin closely misses you. Robin hits you with a dagger.
* * * LOW HITPOINT WARNING * * *
You barely miss Robin.
Robin is moderately wounded.
You block the goblin's attack. Robin hits you but does no damage.
You closely miss the goblin. The goblin hits you but does no damage.
You block Robin's attack. The goblin hits you but does no damage.
Robin hits you but does no damage.
You hit the goblin.
The goblin is heavily wounded.
The goblin hits you.
* * * LOW HITPOINT WARNING * * *
Robin hits you but does no damage.
You barely miss the goblin.
The goblin is moderately wounded.
The goblin hits you but does no damage. You block Robin's attack.
You closely miss the goblin.
The goblin is moderately wounded.
The goblin hits you.
You die...

.....!.((...g....................
......$(###g.g..g..####..#...#.#.
.......## ###.###).# #..#..<#.#.
#.....## ### #(.# #..###.#.#.
##...## #).# #..# #.#.#. ##+#
##..# #... ....#. #)..#
##......... #g#.# ####.#### #@###
#.# #g# #.# #.# ..# .## .. .. #..


You could see Robin and a goblin.

Vanquished Creatures
  2 adders (D:2)
  2 gnolls
  An ooze (D:1)
  3 worms (D:2)
  6 leopard geckos
  5 orcs (D:3)
  2 giant cockroaches (D:1)
  17 goblins
  6 hobgoblins
  6 jackals
  5 quokkas (D:2)
  A ball python (D:1)
  5 bats
  3 frilled lizards
  6 kobolds
  4 rats (D:2)
  A plant (D:2)
75 creatures vanquished.

Vanquished Creatures (others)
  A plant (D:2)
1 creature vanquished.

Grand Total: 76 creatures vanquished

Notes
Turn   | Place    | Note
-------+----------+-------------------------------------------
     0 | D:1      | Yuikono the Gargoyle Fighter began the quest for the Orb.
     0 | D:1      | Reached XP level 1. HP: 14/14 MP: 1/1
    33 | D:1      | Reached XP level 2. HP: 15/19 MP: 2/2
   277 | D:1      | Reached XP level 3. HP: 22/23 MP: 3/3
   604 | D:2      | HP: 1/24 [gnoll/spear (4)]
   985 | D:2      | Reached XP level 4. HP: 17/29 MP: 4/4
  1155 | D:2      | Found a stormy altar of Qazlal.
  2094 | D:3      | Reached XP level 5. HP: 33/33 MP: 5/5
  2195 | D:3      | Noticed Robin
  2263 | D:3      | HP: 1/33 [goblin[Robin] (2)]
  2265 | D:3      | Slain by a goblin

Skill      XL: |  1  2  3  4 |
---------------+-------------+-----
Shields        | 4 |  4.2
Armour         | 4 |  4.2
Fighting       | 4 |  4.2
Maces & Flails | 3 |  3.1

Action                   |  1- 3 |  4- 6 || total
-------------------------+-------+-------++-------
Melee: Flail             |   138 |   182 ||   320
Throw: Stone             |     2 |     1 ||     3
  Use: Potion            |       |     1 ||     1
  Eat: Chunk             |     1 |     4 ||     5
Armor: Scale mail        |    93 |    91 ||   184
Dodge: Dodged            |    60 |    57 ||   117
Block: Shield            |    81 |   105 ||   186
